 Dungeon Crawl Stone Soup version 0.23-a0-241-g3b46b07 (webtiles) character file.

142 galech the Shield-Bearer (level 5, 0/41 HPs)
             Began as a Demonspawn Fighter on Sept 27, 2018.
             Slain by Natasha (5 damage)
             ... on level 3 of the Dungeon.
             The game lasted 00:02:27 (2238 turns).

galech the Shield-Bearer (Demonspawn Fighter)       Turns: 2238, Time: 00:02:28

Health: 0/41       AC:  8    Str: 17    XL:     5   Next: 3%
Magic:  5/5        EV:  8    Int:  9    God:
Gold:   235        SH: 13    Dex: 13    Spells: 4/4 levels left

rFire    + . .     SeeInvis .   r - +1 hand axe (chop)
rCold    . . .     Gourm    .   s - +0 large shield
rNeg     . . .     Faith    .   b - +0 scale mail
rPois    .         Spirit   .   (no helmet)
rElec    .         Reflect  .   (no cloak)
rCorr    .         Harm     .   (no gloves)
MR       .....                  (no boots)
Stlth    ..........             (no amulet)
HPRegen  0.13/turn              e - +3 ring of evasion
MPRegen  0.09/turn              (no ring)

@: no status effects
A: iridescent scales 1, fire resistance 1
a: no special abilities


You were on level 3 of the Dungeon.
You were not hungry.

You visited 1 branch of the dungeon, and saw 3 of its levels.

You collected 235 gold pieces.

Inventory:

Hand Weapons
 a - a +0 war axe
 r - a +1 hand axe of chopping (weapon)
Armour
 b - a +0 scale mail (worn)
 s - a +0 large shield (worn)
Jewellery
 e - a +3 ring of evasion (left hand)
Scrolls
 l - 3 scrolls of teleportation {unknown}
 n - 2 scrolls of remove curse {unknown}
 o - a scroll of immolation {unknown}
 p - 2 scrolls of identify {unknown}
 q - a scroll of enchant armour {unknown}
Potions
 c - a potion of ambrosia {unknown}
 d - a potion of might
 g - 2 potions of curing {unknown}
 h - 3 potions of lignification {unknown}
 i - a potion of haste {unknown}
 j - a potion of agility {unknown}
 k - a potion of degeneration {unknown}
 m - a potion of mutation {unknown}
Comestibles
 f - 4 rations


   Skills:
 + Level 3.4 Fighting
 + Level 3.0 Axes
 + Level 3.5 Armour
 + Level 0.4 Dodging
 + Level 3.5 Shields


You had 4 spell levels left.
You didn't know any spells.
Your spell library was empty.

Dungeon Overview and Level Annotations

Branches:
Dungeon (3/15)

Altars:
Dithmenos

Annotations:
D:3 Natasha


Innate Abilities, Weirdness & Mutations

You are partially covered in iridescent scales. (AC +2)
Your flesh is heat resistant. (rF+)


Message History

You closely miss Natasha.
Natasha is heavily wounded.
You barely miss the white imp. x2; You block Natasha's attack.
The white imp barely misses you. The white imp gestures at you.
The puff of frost hits you!
* * * LOW HITPOINT WARNING * * *
You miss Natasha.
Natasha is heavily wounded.
You hit the white imp. You hit the white imp but do no damage.
You block Natasha's attack. You block the white imp's attack.
The white imp grinds its teeth.
You block the white imp's attack. Natasha claws you.
* * * LOW HITPOINT WARNING * * *
The white imp hits you but does no damage.
You miss Natasha.
Natasha is moderately wounded.
You closely miss the white imp. You hit the white imp.
You block the white imp's attack. Natasha claws you.
You die...

........# ♣.....≈#.#...
>#.....##≈. ♣♣♣♣♣..'.##..
.##....# ≈.♣♣♣♣ ♣♣♣♣♣..'.###.
.###.#.# ≈.....♣ ♣♣.....≈### ##
.......# ≈......♣♣♣♣......≈# ##.
####.### ≈≈......♣♣......≈≈####..
##'## #≈≈.....♣♣.....≈≈##.#...
##...#####≈≈..[5♣♣.[..≈≈####..##
##.....##.##≈≈.)@♣♣...≈≈## ###.#
#.......#.###≈≈h5....≈≈## ##.#.#
..........####≈≈≈≈≈≈≈≈#####....##
.............##########..........
..........###....# #.........##
#.......#.####.#.# #.#####.#.##
##.....##........# #.# ##...#
##...##########.# #.# ###.....
###'## #.# #.# #....÷..


You could see Natasha and 2 white imps.

Vanquished Creatures
  A crimson imp (D:3)
  3 adders (D:2)
  A worm (D:3)
  A dart slug (D:1)
  5 leopard geckos
  8 orcs (D:3)
  2 ball pythons
  A bat (D:1)
  3 giant cockroaches
  6 goblins
  10 hobgoblins
  9 kobolds
  A quokka (D:3)
  6 frilled lizards
  3 rats
60 creatures vanquished.

Notes
Turn   | Place    | Note
-------+----------+-------------------------------------------
     0 | D:1      | galech the Demonspawn Fighter began the quest for the Orb.
     0 | D:1      | Reached XP level 1. HP: 18/18 MP: 1/1
   252 | D:1      | Gained mutation: You are partially covered in iridescent
                  | scales. (AC +2) [demonic ancestry]
   252 | D:1      | Reached XP level 2. HP: 23/24 MP: 2/2
   721 | D:2      | Reached XP level 3. HP: 26/29 MP: 3/3
  1127 | D:2      | Reached XP level 4. HP: 30/35 MP: 4/4
  2039 | D:3      | Found a shadowy altar of Dithmenos.
  2225 | D:3      | Noticed Natasha
  2231 | D:3      | Gained mutation: Your flesh is heat resistant. (rF+)
                  | [demonic ancestry]
  2231 | D:3      | Reached XP level 5. HP: 41/41 MP: 5/5
  2238 | D:3      | Slain by Natasha

Vault maps used:
D:1:      dpeg_arrival_three_same_balls
D:3:      kennysheep_cross_room, nicolae_dithmenos_through_a_glass_darkly,
          uniq_natasha

Skill      XL: |  1  2  3  4 |
---------------+-------------+-----
Armour         | 3 |  3.5
Shields        | 3 |  3.5
Axes           | 2 3 |  3.0
Fighting       | |  3.4
Dodging        | |  0.4

Action                   |  1- 3 |  4- 6 || total
-------------------------+-------+-------++-------
Melee: War axe           |    91 |       ||    91
       Hand axe          |    39 |    96 ||   135
  Eat: Chunk             |     1 |     4 ||     5
Armor: Scale mail        |    42 |    34 ||    76
Dodge: Dodged            |    55 |    24 ||    79
Block: Shield            |    74 |     1 ||    75
       Large shield      |       |    59 ||    59

Table legend:
 A = Non-vault XP
 B = Vault XP
 C = Vault XP percentage of total XP
 D = Non-vault monster count
 E = Vault monster count
 F = Vault count percentage of total count
                 A         B        C        D         E       F
            +---------+---------+-------+---------+---------+-------
      Total |     203 |       0 |   0.0 |      60 |       0 |   0.0
            +---------+---------+-------+---------+---------+-------
        D:1 |      37 |       0 |   0.0 |      18 |       0 |   0.0
        D:2 |      70 |       0 |   0.0 |      20 |       0 |   0.0
        D:3 |      96 |       0 |   0.0 |      22 |       0 |   0.0
            +---------+---------+-------+---------+---------+-------
